 Dungeon Crawl Stone Soup version 0.23.1 (webtiles) character file.

Game seed: 11651480165476752654

22966 teukkam the Fighter (level 12, -7/122 HPs)
             Began as a Minotaur Fighter on Mar 14, 2019.
             Was a High Priest of Nemelex Xobeh.
             Killed from afar by a lich (17 damage)
             ... with a bolt of acid
             ... on level 1 of the Abyss.
             The game lasted 01:05:15 (12574 turns).

teukkam the Fighter (Minotaur Fighter)             Turns: 12574, Time: 01:05:16

Health: -7/122     AC: 10    Str: 25    XL:     12   Next: 67%
Magic:  17/17      EV: 15    Int: 14    God:    Nemelex Xobeh [*****.]
Gold:   635        SH: 13    Dex: 18    Spells: 11/11 levels left

rFire    . . .     SeeInvis .   a - +0 rapier (venom)
rCold    . . .     Gourm    .   c - +1 shield
rNeg     + . .     Faith    .   C - +1 scale mail {rPois}
rPois    +         Spirit   .   (helmet restricted)
rElec    .         Reflect  .   (no cloak)
rCorr    .         Harm     .   J - +0 pair of gloves
MR       .....                  (no boots)
Stlth    ..........             (no amulet)
HPRegen  0.30/turn              m - ring of Maos Jusyzerch {rN+ MR- Int+4 Dex+4}
MPRegen  0.15/turn              w - +3 ring of dexterity

@: brilliant, lightly drained
A: retaliatory headbutt, horns 2, poison resistance, robust 1
a: Draw Escape, Draw Destruction, Draw Summoning, Draw Stack, Triple Draw, Deal
Four, Stack Five, Renounce Religion


You were on level 1 of the Abyss.
You worshipped Nemelex Xobeh.
Nemelex Xobeh was extremely pleased with you.
You were not hungry.

You visited 3 branches of the dungeon, and saw 17 of its levels.
You visited the Abyss 1 time.
You also visited: Ossuary.

You collected 635 gold pieces.

Inventory:

Hand Weapons
 a - a +0 rapier of venom (weapon)
 b - a +0 fustibalus
 B - a +2 mace of protection
 F - a +0 war axe
Missiles
 i - 385 stones (quivered)
 t - 17 tomahawks
 D - 5 needles of sleeping
 E - 32 poisoned needles
 N - 39 sling bullets
 S - a tomahawk of returning
Armour
 c - a +1 shield (worn)
 C - a +1 scale mail of poison resistance (worn)
 J - a +0 pair of gloves (worn)
Magical Staves
 L - an uncursed staff of summoning
 R - an uncursed staff of air
Jewellery
 j - an uncursed ring of protection from magic
 m - the ring of Maos Jusyzerch (left hand) {rN+ MR- Int+4 Dex+4}
   (You found it on level 6 of the Dungeon)

   [ring of intelligence]

   It affects your intelligence (+4).
   It affects your dexterity (+4).
   It protects you from negative energy.
   It affects your resistance to hostile enchantments.
 w - a +3 ring of dexterity (right hand)
 K - an uncursed ring of flight
Scrolls
 e - 7 scrolls of identify
 h - 3 scrolls of teleportation
 u - 4 scrolls of remove curse
 x - a scroll of enchant weapon
 y - 2 scrolls of blinking
 z - a scroll of enchant armour
 I - a scroll of fear
 M - a scroll of magic mapping {unknown}
 O - a scroll of amnesia {unknown}
 Q - a scroll of holy word {unknown}
Potions
 d - 7 potions of might
 g - 3 potions of berserk rage
 l - 2 potions of brilliance
 n - 6 potions of lignification
 p - 7 potions of curing
 q - 2 potions of flight {unknown}
 s - 3 potions of ambrosia
 v - 2 potions of haste {unknown}
 A - 2 potions of magic
 G - 2 potions of mutation
 P - a potion of agility {unknown}
 T - a potion of resistance {unknown}
Comestibles
 f - 13 rations


   Skills:
 + Level 11.7(11.6) Fighting
 + Level 8.5(8.4) Short Blades
 - Level 7.1(7.0) Axes
 + Level 10.1 Slings
 - Level 2.4(6.2) Throwing
 - Level 7.4(7.3) Armour
 + Level 8.6(8.4) Dodging
 - Level 7.3(7.2) Shields
 + Level 8.5(8.4) Invocations


You had 11 spell levels left.
You didn't know any spells.
Your spell library contained the following spells:

 Spells                   Type           Power        Failure   Level  Hunger
 Beastly Appendage        Tmut           #.....       17%         1    ##.....
 Sticks to Snakes         Tmut           #.......     26%         2    ###....
 Spider Form              Tmut/Pois      #.........   43%         3    ####...
 Ice Form                 Ice/Tmut       #.......     78%         4    #####..
 Blade Hands              Tmut           #.........   97%         5    ######.


Dungeon Overview and Level Annotations

Branches:
Dungeon (10/15)            Temple (1/1) D:4            Lair (6/6) D:9
  Swamp: Lair:2-4    Shoals: Lair:2-4     Snake: Lair:2-4    Spider: Lair:2-4
  Slime: Lair:5-6       Orc: D:9-12

Altars:
Ashenzari
Cheibriados
Dithmenos
Elyvilon
Fedhas
Gozag
Hepliaklqana
Kikubaaqudgha
Makhleb
Nemelex Xobeh
Okawaru
Qazlal
Ru
Sif Muna
Trog
Uskayaw
Vehumet
Wu Jian
Xom
Yredelemnul
Zin
The Shining One
Beogh

Shops:
D:6 [:%


Innate Abilities, Weirdness & Mutations

You reflexively headbutt those who attack you in melee.
You have a pair of horns on your head.
Your system is resistant to poisons. (rPois)
You are robust. (+10% HP)


Message History

Your orb of destruction hits a rock wall.
You feel much better. The lich touches you. You partially resist.
You feel drained.
You hit the lich but do no damage.
The lich is almost destroyed.
The lich casts a spell at you. The crystal spear hits you!!!
* * * LOW HITPOINT WARNING * * *
You draw a card...
You have drawn the Orb.
Press: ? - help, Shift-Dir - straight line, f/p - lich
Aim: a lich (almost destroyed, fast)
The orb of energy hits the lich.
The lich is almost destroyed.
The lich touches you but does no damage.
You feel better. You block the lich's attack.
The lich gestures at you while chanting.
The bolt of acid hits you!
You die...
Your body glows slightly and disappears.

. .. #### ...
#.@# .#..
#L## ..... #
# ###°# .#
... . ##L.##
. #4.....# #.
..#...##... .
. .. .... ..
.(#.#....####
..# (. ....
.#


You could see a lich.

Vanquished Creatures
  A tentacled starspawn (Abyss:1)
  Harold (D:8)
  2 hydras
  A two-headed ogre (D:9)
  A thrashing horror (Abyss:1)
  A glowing orange brain (Abyss:1)
  2 black mambas
  8 spiny frogs
  3 komodo dragons
  An efreet (Abyss:1)
  An ancient zyme (Abyss:1)
  An ice devil (Abyss:1)
  A polar bear (Lair:6)
  4 blink frogs (Lair:4)
  2 hippogriffs
  3 wyverns (D:9)
  16 yaks
  Eustachio (D:6)
  A basilisk (D:9)
  Menkaure (D:7)
  5 water moccasins
  7 porcupines
  2 orc warriors
  A sky beast (D:6)
  A black bear (Lair:4)
  3 ice beasts
  2 wolves (Lair:1)
  An ogre (D:5)
  3 centaurs
  4 crocodiles
  11 bullfrogs
  3 small abominations (Abyss:1)
  A water moccasin skeleton (D:9)
  5 scorpions
  15 killer bees
  5 howler monkeys
  An electric eel (Lair:1)
  7 crimson imps
  A bullfrog zombie (D:8)
  2 centaur zombies (Ossuary)
  7 starcursed masses (Abyss:1)
  3 hounds
  4 jellies
  4 orc priests
  A centaur skeleton (D:6)
  2 iguanas (D:5)
  9 orc wizards
  5 worker ants
  A big kobold zombie (Ossuary)
  3 hound skeletons
  3 mummies (Ossuary)
  3 gnolls (D:2)
  2 howler monkey zombies
  11 adders
  3 shadow imps
  2 oozes
  An adder zombie (D:7)
  4 worms
  3 dart slugs
  4 leopard geckos
  54 orcs
  9 bats
  9 giant cockroaches
  10 goblins
  8 hobgoblins
  3 jackals (D:3)
  5 kobolds
  3 quokkas
  A ball python (D:4)
  5 frilled lizards
  4 hobgoblin zombies (Ossuary)
  An orc zombie (Ossuary)
  2 quokka skeletons
  5 rats
  A fungus (Lair:6)
  A starspawn tentacle (Abyss:1)
328 creatures vanquished.

Vanquished Creatures (collateral kills)
  A thrashing horror (Abyss:1)
  A hellwing (Abyss:1)
  A wind drake (shapeshifter) (Abyss:1)
  A hydra skeleton (Abyss:1)
  A large abomination (Abyss:1)
  A starcursed mass (Abyss:1)
  3 yaks (D:9)
  3 wolves (Lair:1)
  2 centaurs
  A snapping turtle skeleton (Abyss:1)
  A small abomination (Abyss:1)
  A human simulacrum (Abyss:1)
  2 mummies (Ossuary)
  An adder (D:6)
20 creatures vanquished.

Vanquished Creatures (others)
  5 orcs (D:8)
  3 fungi
  4 plants
  3 starspawn tentacles (Abyss:1)
  12 toadstools (Lair:4)
27 creatures vanquished.

Grand Total: 375 creatures vanquished

Notes
Turn   | Place    | Note
-------+----------+-------------------------------------------
     0 | D:1      | teukkam the Minotaur Fighter began the quest for the Orb.
     0 | D:1      | Reached XP level 1. HP: 19/19 MP: 0/0
   115 | D:1      | Reached XP level 2. HP: 27/27 MP: 1/1
   218 | D:2      | Reached skill level 4 in Fighting
   222 | D:2      | Reached XP level 3. HP: 33/33 MP: 2/2
   368 | D:2      | Reached XP level 4. HP: 41/41 MP: 3/3
   919 | D:4      | Found a staircase to the Ecumenical Temple.
  1165 | Temple   | Entered the Ecumenical Temple
  1198 | Temple   | Became a worshipper of Nemelex Xobeh the Trickster
  1386 | D:4      | Reached XP level 5. HP: 47/47 MP: 4/4
  1451 | D:4      | Found a sand-covered staircase.
  1460 | Ossuary  | Entered an ossuary
  1460 | Ossuary  | Received a gift from Nemelex Xobeh
  1541 | Ossuary  | Reached skill level 1 in Slings
  1839 | Ossuary  | Reached skill level 5 in Fighting
  1839 | Ossuary  | Reached skill level 5 in Armour
  1839 | Ossuary  | Reached skill level 5 in Shields
  1839 | Ossuary  | Reached XP level 6. HP: 51/56 MP: 5/5
  3355 | D:3      | Reached * piety under Nemelex Xobeh
  4206 | D:4      | Noticed an ice beast
  4221 | D:4      | Killed an ice beast
  4221 | D:4      | Reached XP level 7. HP: 45/61 MP: 6/6
  4244 | D:5      | Entered Level 5 of the Dungeon
  4254 | D:5      | Reached skill level 5 in Axes
  4452 | D:5      | Received a gift from Nemelex Xobeh
  4682 | D:5      | Noticed Sigmund
  4687 | D:5      | Noticed Sigmund
  4687 | D:5      | Sigmund changed into Sigmund the jelly
  4689 | D:5      | Killed Sigmund the jelly
  4768 | D:5      | Reached skill level 6 in Fighting
  4820 | D:5      | You fall through a shaft for 3 floors!
  4920 | D:8      | Reached XP level 8. HP: 66/70 MP: 7/7
  4947 | D:8      | Reached skill level 1 in Invocations
  5144 | D:8      | Found a roughly hewn altar of Beogh.
  5161 | D:8      | Reached ** piety under Nemelex Xobeh
  5175 | D:8      | Noticed Harold
  5204 | D:8      | Killed Harold
  5204 | D:8      | Reached skill level 7 in Fighting
  5204 | D:8      | Reached skill level 1 in Throwing
  5204 | D:8      | Reached XP level 9. HP: 45/79 MP: 8/10
  5513 | D:6      | Reached skill level 5 in Slings
  5609 | D:5      | Found a bloodstained altar of Trog.
  5843 | D:5      | Found a sparkling altar of Nemelex Xobeh.
  6002 | D:6      | Noticed Eustachio
  6047 | D:6      | Found Yliutui's Book Shoppe.
  6068 | D:6      | Got a glittering jade ring
  6070 | D:6      | Identified the ring of Maos Jusyzerch {rN+ MR- Int+4 Dex+4}
                  | (You found it on level 6 of the Dungeon)
  6086 | D:6      | Killed Eustachio
  6090 | D:6      | Received a gift from Nemelex Xobeh
  6102 | D:6      | Found Vihayd's Armour Boutique.
  6109 | D:6      | Reached skill level 1 in Dodging
  6241 | D:6      | Reached skill level 1 in Short Blades
  6340 | D:6      | Found Xyntyfeve's Food Boutique.
  6346 | D:6      | Reached *** piety under Nemelex Xobeh
  6618 | D:6      | Reached skill level 8 in Fighting
  6995 | D:6      | Received a gift from Nemelex Xobeh
  7072 | D:6      | Found a glowing silver altar of Zin.
  7177 | D:7      | Noticed Menkaure
  7184 | D:7      | Killed Menkaure
  7320 | D:7      | Reached XP level 10. HP: 84/89 MP: 12/12
  7393 | D:7      | Received a gift from Nemelex Xobeh
  7669 | D:9      | Noticed a two-headed ogre
  7679 | D:9      | Killed a two-headed ogre
  7789 | D:9      | Reached skill level 5 in Invocations
  7854 | D:9      | Reached skill level 9 in Fighting
  8217 | D:9      | Found a staircase to the Lair.
  8712 | D:9      | Reached **** piety under Nemelex Xobeh
  8744 | D:9      | Reached skill level 5 in Dodging
  8786 | D:9      | Noticed a two-headed ogre
  8820 | D:10     | Entered Level 10 of the Dungeon
  8820 | D:10     | Received a gift from Nemelex Xobeh
  8904 | Lair:1   | Entered Level 1 of the Lair of Beasts
  8955 | Lair:1   | Reached skill level 5 in Short Blades
  8974 | Lair:1   | Reached XP level 11. HP: 61/99 MP: 14/14
  9923 | Lair:2   | Noticed a four-headed hydra
  9934 | Lair:2   | Killed a four-headed hydra
  9934 | Lair:2   | Reached skill level 10 in Fighting
  9990 | Lair:2   | Received a gift from Nemelex Xobeh
 10220 | Lair:3   | Reached ***** piety under Nemelex Xobeh
 10227 | Lair:3   | You fall through a shaft!
 10474 | Lair:4   | Received a gift from Nemelex Xobeh
 10581 | Lair:4   | Noticed a five-headed hydra
 10590 | Lair:4   | Killed a five-headed hydra
 11910 | Lair:4   | You fall through a shaft for 2 floors!
 11910 | Lair:6   | Entered Level 6 of the Lair of Beasts
 11910 | Lair:6   | Received a gift from Nemelex Xobeh
 11938 | Lair:6   | Reached XP level 12. HP: 90/108 MP: 16/16
 12126 | Lair:6   | Reached skill level 11 in Fighting
 12231 | Lair:6   | Cast into level 1 of the Abyss (drawing a card)
 12380 | Abyss:1  | Noticed a starcursed mass
 12412 | Abyss:1  | Gained mutation: Your system is resistant to poisons.
                  | (rPois) [potion of mutation]
 12412 | Abyss:1  | Gained mutation: You are robust. (+10% HP) [potion of
                  | mutation]
 12522 | Abyss:1  | Noticed a tentacled starspawn
 12537 | Abyss:1  | Killed a tentacled starspawn
 12562 | Abyss:1  | Noticed a starcursed mass
 12562 | Abyss:1  | Noticed a lich
 12564 | Abyss:1  | Killed a starcursed mass
 12564 | Abyss:1  | Reached skill level 10 in Slings
 12568 | Abyss:1  | Killed a starcursed mass
 12572 | Abyss:1  | HP: 2/122 [lich/crystal spear (38)]
 12574 | Abyss:1  | Killed from afar by a lich

Skill      XL: |  1  2  3  4  5  6  7  8  9 10 11 12 |
---------------+-------------------------------------+-----
Fighting       | 4 5 6 7 8 9 10 11 | 11.7
Axes           | 3 4 5 6 7 |  7.1
Armour         | 4 5 6 7 |  7.4
Shields        | 4 5 6 7 |  7.3
Slings         | 1 2 3 4 6 7 9 10 | 10.1
Invocations    | 2 4 5 7 8 |  8.5
Throwing       | 1 2 |  2.4
Dodging        | 3 5 7 8 |  8.6
Short Blades   | 2 5 7 8 |  8.5

Action                   |  1- 3 |  4- 6 |  7- 9 | 10-12 || total
-------------------------+-------+-------+-------+-------++-------
Melee: War axe           |    48 |   187 |   164 |       ||   399
       Headbutt          |     6 |    33 |    46 |   129 ||   214
       Rapier            |       |       |    89 |   371 ||   460
       Mace              |       |       |       |     4 ||     4
 Fire: Hunting sling     |       |    76 |    75 |    29 ||   180
       Fustibalus        |       |       |       |    73 ||    73
Throw: Stone             |     3 |     2 |     1 |     2 ||     8
       Tomahawk          |       |       |     2 |    10 ||    12
Invok: Stack Five        |       |       |       |     1 ||     1
 Abil: Draw Summoning    |       |     1 |     1 |     8 ||    10
       Draw Destruction  |       |       |    11 |    21 ||    32
       Draw Escape       |       |       |     5 |     5 ||    10
       Draw Stack        |       |       |       |     3 ||     3
  Use: Scroll            |       |     7 |     9 |     3 ||    19
       Potion            |       |       |       |    10 ||    10
  Eat: Chunk             |       |     7 |     4 |     4 ||    15
       Ration            |       |     1 |     2 |     4 ||     7
Armor: Scale mail        |    15 |    58 |    42 |   115 ||   230
       Chain mail        |       |       |    51 |       ||    51
Dodge: Dodged            |    11 |    45 |    59 |   169 ||   284
Block: Shield            |    29 |    89 |   177 |   262 ||   557
